 Dungeon Crawl Stone Soup version 0.28-a0-706-gf6f64a616a (webtiles) character file.

Game seed: 12867647474152016421

11 lawman0 the Magician (level 2, 0/21 HPs)
             Began as a Djinni Enchanter on Oct 24, 2021.
             Slain by a kobold (3 damage)
             ... on level 1 of the Dungeon.
             The game lasted 00:01:06 (692 turns).

lawman0 the Magician (Djinni Enchanter)              Turns: 692, Time: 00:01:06

Health: 0/21       AC:  2    Str:  7    XL:     2   Next: 35%
Gold:   17         EV: 12    Int: 16    God:
                   SH:  0    Dex: 13

rFire   + + .      SeeInvis .   a - +1 dagger
rCold   x . .      Faith    .   (no shield)
rNeg    . . .      Spirit   .   b - +0 robe
rPois   ∞          Reflect  .   (no helmet)
rElec   .          Harm     .   (no cloak)
rCorr   .          Rampage  .   (no gloves)
Will    .....                   (boots unavailable)
Stlth   ++........              (no amulet)
HPRegen 0.07/turn               (no ring)
MPRegen 0.00/turn               (no ring)

@: flying
A: sickness immunity, fire resistance 2, cold vulnerability 1, float, innate
caster, hp casting, extra vitality 1
a: no special abilities


You were on level 1 of the Dungeon.
You visited 1 branch of the dungeon, and saw 1 of its levels.

You collected 17 gold pieces.

Inventory:

Hand Weapons
 a - a +1 dagger (weapon)
Armour
 b - a +0 robe (worn)
Scrolls
 d - a scroll of magic mapping {unknown}
 e - a scroll of immolation {unknown}
Potions
 c - a potion of invisibility


   Skills:
 + Level 0.2 Fighting
 + Level 0.8 Short Blades
 + Level 2.5 Dodging
 + Level 2.5 Stealth
 + Level 2.6 Spellcasting


You couldn't memorise any spells.
You knew the following spells:

 Your Spells              Type           Power      Damage    Failure   Level
a - Ensorcelled Hibernat  Hex/Ice        20%        N/A       10%         2
b - Confusing Touch       Hex            10%        N/A       21%         3
c - Tukima's Dance        Hex            10%        N/A       21%         3
d - Dazzling Flash        Conj/Hex       20%        N/A       21%         3
Your spell library was empty.

Dungeon Overview and Level Annotations

Branches:
Dungeon (1/15)

Altars:


Innate Abilities, Weirdness & Mutations

You are immune to sickness and miasma.
You are immune to poison.
Your flesh is very heat resistant. (rF++)
You are vulnerable to cold. (rC-)
You float through the air rather than walking.
You learn spells naturally, not from books.
Your magical power is your life essence.
You have superior vitality. (+4 HP)


Message History

A kobold comes into view. It is wielding a +0 short sword.
There are monsters nearby!
The kobold shouts!
The hobgoblin misses you.
Sorry, you're not good enough to have a special ability.
Casting: Ensorcelled Hibernation (safe; 10% risk of failure)
Confirm with . or Enter, or press ? or * to list all spells.
Aiming: Ensorcelled Hibernation (safe; 10% risk of failure)
Press: ? - help, Shift-Dir - straight line, f - hobgoblin
Aim: a hobgoblin (chance to affect: 59%)
The hobgoblin looks drowsy...
Unknown command.
The kobold closely misses you.
The kobold hits you with a +0 short sword.
The hobgoblin shouts!
You hit the hobgoblin but do no damage. The kobold barely misses you.
A goblin comes into view. It is wielding a +0 dagger.
The hobgoblin barely misses you.
The kobold hits you with a +0 short sword.
A rat comes into view.
The kobold hits you with a +0 short sword.
The hobgoblin closely misses you. The hobgoblin hits you.
* * * LOW HITPOINT WARNING * * *
There is an open door here.
Casting: Ensorcelled Hibernation (safe; 10% risk of failure)
Confirm with . or Enter, or press ? or * to list all spells.
Aiming: Ensorcelled Hibernation (safe; 10% risk of failure)
Press: ? - help, Shift-Dir - straight line, f - kobold, p - hobgoblin
Aim: a kobold, wielding a +0 short sword (chance to affect: 59%)
The kobold resists with significant effort.
* * * LOW HITPOINT WARNING * * *
The kobold closely misses you.
Unknown command.
You hit the kobold but do no damage. The kobold misses you.
Unknown command.
You hit the kobold.
The kobold is moderately wounded.
The kobold hits you with a +0 short sword.
You die...

........r...# #
.######.....#
#.
.........####
#.########...#
#........r...#
#..........#.#
#.....gg.....#
####.##K######
#.##@#
######'##+####
#............#
#............#
##............#
#.............#
#....##+#######
#.....#.######
##.....#.......


You could see a hobgoblin, a goblin, a kobold and a rat.

Vanquished Creatures
  A ball python (D:1)
  2 endoplasms (D:1)
  A giant cockroach (D:1)
  2 hobgoblins (D:1)
  A quokka (D:1)
  A frilled lizard (D:1)
  A kobold (D:1)
9 creatures vanquished.

Notes
Turn   | Place    | Note
-------+----------+-------------------------------------------
     0 | D:1      | lawman0 the Djinni Enchanter began the quest for the Orb.
     0 | D:1      | Reached XP level 1. HP: 15/15 MP: 0/0
   282 | D:1      | Reached XP level 2. HP: 15/21 MP: 0/0
   692 | D:1      | Slain by a kobold

Illustrated notes

Levels and vault maps discovered:
D:1:      dpeg_arrival_three_same_balls, layout_basic,
          hangedman_decor_slide_cut, minmay_misc_feat_more_columns,
          serial_park_tiny_pond

Action                   || total
-------------------------++-------
Melee: Dagger            ||    49
 Cast: Ensorcelled Hiber ||     5
 Stab: Sleeping          ||     1
Armor: Robe              ||    11
Dodge: Dodged            ||    42

Table legend: (Time is in decaauts)
 A = Elapsed time spent in this place.
 B = Non-inter-level travel time spent in this place.
 C = Inter-level travel time spent in this place.
 D = Time resting spent in this place.
 E = Time spent auto-exploring this place.
 F = Levels seen in this place.
 G = Mean time per level.
                   A        B        C        D        E       F      G
               +--------+--------+--------+--------+--------+-----+--------+
         Total |    689 |    689 |      0 |    210 |    376 |   1 |  689.0 |
       Dungeon |    689 |    689 |      0 |    210 |    376 |   1 |  689.0 |
               +--------+--------+--------+--------+--------+-----+--------+

Top non-repeatable levels by time:
     D:1: 689 daAuts
